 Dungeon Crawl Stone Soup version 0.26-a0-812-g31a745ddcd (webtiles) character file.

Game seed: 15483882237225439010

25 tilp the Vandal (level 3, 0/24 HPs)
             Began as a Halfling Hunter on Nov 26, 2020.
             Slain by a hobgoblin
             ... wielding a +0 club
              (2 damage)
             ... on level 2 of the Dungeon.
             The game lasted 00:01:35 (1077 turns).

tilp the Vandal (Halfling Hunter)                   Turns: 1077, Time: 00:01:36

Health: 0/24       AC:  8    Str: 14    XL:     3   Next: 20%
Magic:  3/3        EV:  8    Int:  9    God:
Gold:   75         SH:  0    Dex: 14    Spells: 2/2 levels left

rFire    . . .     SeeInvis .   b - +1 dagger (venom)
rCold    . . .     Faith    .   (shield restricted)
rNeg     . . .     Spirit   .   e - +0 chain mail
rPois    .         Reflect  .   (no helmet)
rElec    .         Harm     .   (no cloak)
rCorr    .         Rampage  .   (no gloves)
MR       .....                  (no boots)
Stlth    ..........             (no amulet)
HPRegen  0.08/turn              (no ring)
MPRegen  0.08/turn              (no ring)

@: no status effects
A: small, mutation resistance 1
a: no special abilities


You were on level 2 of the Dungeon.
You visited 1 branch of the dungeon, and saw 2 of its levels.

You collected 75 gold pieces.

Inventory:

Hand Weapons
 a - a +1 hunting sling
 b - a +1 dagger of venom (weapon)
 f - a +0 short sword
Missiles
 c - 84 stones (quivered)
 d - 20 sling bullets
Armour
 e - a +0 chain mail (worn)
Jewellery
 n - a cursed ring of fire {unknown}
 o - a cursed -4 ring of strength {unknown}
Scrolls
 h - a scroll of enchant armour {unknown}
 m - 2 scrolls of fog {unknown}
 r - a scroll of remove curse {unknown}
 s - a scroll of immolation {unknown}
 t - 2 scrolls of identify {unknown}
 v - a scroll of amnesia {unknown}
 w - a scroll of noise {unknown}
 x - a scroll of magic mapping {unknown}
Potions
 g - 2 potions of invisibility {unknown}
 i - a potion of haste {unknown}
 j - a potion of might {unknown}
 k - 2 potions of brilliance {unknown}
 l - 2 potions of curing {unknown}
 p - a potion of heal wounds {unknown}
 q - a potion of resistance {unknown}
 u - a potion of degeneration {unknown}


   Skills:
 - Level 1.7 Fighting
 + Level 7.2 Slings
 - Level 2.1 Dodging
 - Level 1.1 Stealth


You had 2 spell levels left.
You didn't know any spells.
Your spell library was empty.

Dungeon Overview and Level Annotations

Branches:
Dungeon (2/15)

Altars:


Innate Abilities, Weirdness & Mutations

You are small and have problems with some larger weapons.
You are somewhat resistant to further mutation.


Message History

The giant cockroach bites you but does no damage.
You closely miss the gnoll.
The giant cockroach bites you but does no damage.
The gnoll barely misses you.
You hit the gnoll.
The gnoll is poisoned.
The gnoll is moderately wounded.
The giant cockroach bites you but does no damage.
The gnoll closely misses you.
The hobgoblin hits you but does no damage.
The giant cockroach bites you but does no damage.
You hit the gnoll.
The gnoll is poisoned.
The gnoll is heavily wounded.
The gnoll hits you.
The gnoll hits you from afar with a +0 halberd!
* * * LOW HITPOINT WARNING * * *
The gnoll hits you.
* * * LOW HITPOINT WARNING * * *
The giant cockroach bites you but does no damage.
The hobgoblin hits you with a +0 club.
You die...

######## .......# ##
##...#.# #[ #.....#
... #.....# ..##
#...).# .##.
#....#####..#.### .#
#......†..#.#.gg#
##..# ##...####.#.#
#@#[....#
#..†####g#.#+#Bg......
#...#....#.g†g....####
#...#....g........#
#...#....#........#
#...#....#........#
#...#....#........#
#...#....#..>.....#
#...#....#........#


You could see 3 gnolls, a giant cockroach and a hobgoblin.

Vanquished Creatures
  A dart slug (D:2)
  A leopard gecko (D:2)
  A giant cockroach (D:1)
  6 goblins
  4 hobgoblins
  3 bats (D:1)
  A frilled lizard (D:2)
  2 kobolds (D:1)
  A rat (D:1)
20 creatures vanquished.

Notes
Turn   | Place    | Note
-------+----------+-------------------------------------------
     0 | D:1      | tilp the Halfling Hunter began the quest for the Orb.
     0 | D:1      | Reached XP level 1. HP: 14/14 MP: 1/1
    52 | D:1      | Reached skill level 6 in Slings
   162 | D:1      | Reached XP level 2. HP: 19/19 MP: 2/2
   818 | D:2      | Reached skill level 7 in Slings
   818 | D:2      | Reached XP level 3. HP: 24/24 MP: 3/3
  1077 | D:2      | Slain by a hobgoblin

Illustrated notes

Levels and vault maps discovered:
D:1:      minmay_arrival_radiant_lines, layout_basic
D:2:      layout_basic, old_standard_altar

Skill      XL: |  1  2 |
---------------+-------+-----
Slings         | 6 7 |  7.2
Fighting       | |  1.7
Dodging        | |  2.1
Stealth        | |  1.1

Action                   || total
-------------------------++-------
Melee: Dagger            ||    35
 Fire: Hunting sling     ||    31
Armor: Chain mail        ||    31
Dodge: Dodged            ||    27

Table legend: (Time is in decaauts)
 A = Elapsed time spent in this place.
 B = Non-inter-level travel time spent in this place.
 C = Inter-level travel time spent in this place.
 D = Time resting spent in this place.
 E = Time spent auto-exploring this place.
 F = Levels seen in this place.
 G = Mean time per level.
                   A        B        C        D        E       F      G
               +--------+--------+--------+--------+--------+-----+--------+
         Total |   1062 |   1035 |     27 |      0 |    865 |   2 |  531.0 |
       Dungeon |   1062 |   1035 |     27 |      0 |    865 |   2 |  531.0 |
               +--------+--------+--------+--------+--------+-----+--------+

Top non-repeatable levels by time:
     D:1: 647 daAuts
     D:2: 414 daAuts
